cohdb
Replays
Latest Replays
All Replays
Popular Replays
Top Player Replays
Match Explorer
How It Works
Community
CoH3 Stats
Reddit
Sign in to upload your games and track your stats! →
Sign in with Steam
Match 44726336
Unlisted
Match 44726336
Overview
Messages
Build Orders
End
Selects Special Operations Battlegroup
Selects M29 Weasel Recon Vehicle
M29 Weasel Recon Vehicle
Construct Barracks
Riflemen Squad
Riflemen Squad
M1 Mortar Team
Engineer Squad
Mechanized Support Center
Construct Tank Depot
Designate Forward Repair Station
M4A1 Sherman Medium Tank
Selects Raiding Flares
Selects SSF Commando Squad
SSF Commando Squad
Bran
DrewP
普京のVDV-很难绷得住
noob
0
0
Comments
sign in to comment!
No comments posted yet!